 Dungeon Sprint DCSS version 0.17-a0-1262-gd250d98 (webtiles) character file.

2962 Kidiri the Unseen (level 9, 0/49 HPs)
             Began as a Spriggan Assassin on June 6, 2015.
             Slain by a polar bear (4 damage)
             ... in the Dungeon (Sprint II: "The Violet Keep of Menkaure").
             The game lasted 00:09:12 (988 turns).

Kidiri the Unseen (Spriggan Assassin)                Turns: 988, Time: 00:09:13

Health: 0/49       AC:  3    Str:  7    XL:     9   Next: 52%
Magic:  13/13      EV: 35    Int: 17    God:
Gold:   248        SH:  0    Dex: 21    Spells: 0 memorised, 8 levels left

rFire  . . .     SeeInvis +     a - +2 dagger
rCold  . . .     Clarity  +     c - +0 robe
rNeg   . . .     SustAt   .     (shield restricted)
rPois  .         Gourm    .     (helmet restricted)
rElec  .         Spirit   .     d - +0 cloak
rCorr  .         Warding  .     (gloves unavailable)
rMut   .         NoTele   +     (boots unavailable)
MR     +....                    o - amulet of clarity
Stlth  ++++++++..               n - +2 ring of evasion
                                j - ring "Domubod" {+Fly Int+5}

@: very quick, somewhat resistant to hostile enchantments, extraordinarily
stealthy
A: unfitting armour, see invisible, herbivore 3, speed 3, slow metabolism 2
a: Evoke Flight


You were in the Dungeon.
You were not hungry.

You visited 1 branch You collected 1154 gold pieces.
You spent 906 gold pieces at shops.

Inventory:

Hand weapons
 a - a +2 dagger (weapon)
 b - a +0 blowgun
Missiles
 f - a curare-tipped needle
Armour
 c - a +0 robe (worn)
 d - a +0 cloak (worn)
Jewellery
 j - the ring "Domubod" (left hand) {+Fly Int+5}
   (You bought it in a shop in the Dungeon)

   [ring of flight]

   It affects your intelligence (+5).
   It lets you fly.
 n - a +2 ring of evasion (right hand)
 o - an amulet of clarity (around neck)
Scrolls
 m - a scroll of blinking
Potions
 k - 2 potions of magic
 p - a potion of flight
Comestibles
 g - a bread ration


   Skills:
 + Level 6.6 Fighting
 * Level 11.9 Short Blades
 + Level 8.8 Throwing
 * Level 14.8 Dodging
 * Level 16.8 Stealth
 + Level 5.3 Evocations


You had 8 spell levels left.
You didn't know any spells.

Dungeon Overview and Level Annotations

Branches:
Dungeon (1/1)

Altars:
Cheibriados
Dithmenos
Elyvilon
Fedhas
Gozag
Kikubaaqudgha
Qazlal
Ru
Sif Muna
Trog
Vehumet
Xom
Zin
The Shining One
Jiyva
Lugonu

Shops:
D :}%(?[!=?(!:=([:

Annotations:
D exclusion: oklob plant, Roxanne


Innate Abilities, Weirdness & Mutations

You are tiny and cannot use many weapons and most armour.
You have supernaturally acute eyesight.
You are a herbivore.
You cover ground extremely quickly.
You need consume almost no food.


Message History

The polar bear is almost dead.
You hit the polar bear but do no damage.
The polar bear is almost dead.
The polar bear closely misses you. x2
The polar bear completely misses you.
You hit the polar bear but do no damage.
The polar bear is almost dead.
The polar bear misses you. x2
The polar bear barely misses you.
You barely miss the polar bear.
The polar bear is almost dead.
The polar bear completely misses you. x3
You barely miss the polar bear.
The polar bear is almost dead.
You hit the polar bear.
The polar bear is almost dead.
The polar bear barely misses you. The polar bear claws you.
* * * LOW HITPOINT WARNING * * *
The polar bear claws you.
You die...

.....# ..# '##..# ####.#
#.##.####..'.###
##.#....#[.#.^.####
#.####..#####..##$#
'###.##..#..'..#..#
.##...#..#..#..#.y#
<.'.#.+..####..##h#
.##.).#w*..###..@##▓▓
'###.##X.....≈≈≈≈≈≈≈≈≈≈≈
#.####≈≈.....≈#+########
#..#≈≈≈≈≈≈≈..§#.._._...#
..##≈≈≈≈≈§≈≈§≈#._._._..#
+##≈≈≈≈§≈≈≈≈≈≈#.._._._.#
≈≈≈≈≈≈≈§≈§≈≈≈≈#.⌠._._._#
#+++#≈≈§≈§≈≈≈≈#.._._._.#
;≈§ ##≈≈≈###≈§#..._._


You could see a polar bear (berserk) and a wasp.

Vanquished Creatures
  An iron elemental (D)
  A siren (D)
  2 spiny frogs (D)
  2 polar bears (D)
  A vampire mosquito (D)
  Menkaure (D)
  2 hippogriffs (D)
  4 necrophages (D)
  4 brain worms (D)
18 creatures vanquished.

Vanquished Creatures (others)
  4 tentacles (D)
  16 tentacle segments (D)
20 creatures vanquished.

Grand Total: 38 creatures vanquished

Notes
Turn   | Place    | Note
--------------------------------------------------------------
     0 | D        | Kidiri the Spriggan Assassin began the quest for the Orb.
     0 | D        | Reached XP level 1. HP: 10/10 MP: 2/2
     1 | D        | Noticed a hippogriff
     1 | D        | Noticed a hippogriff
     5 | D        | Noticed a siren
     9 | D        | Noticed a necrophage
     9 | D        | Noticed a necrophage
     9 | D        | Noticed a necrophage
     9 | D        | Noticed a necrophage
    13 | D        | Noticed a brain worm
    13 | D        | Noticed a brain worm
    13 | D        | Noticed a brain worm
    13 | D        | Noticed a brain worm
    15 | D        | Killed a brain worm
    15 | D        | Reached skill level 5 in Dodging
    15 | D        | Reached skill level 8 in Stealth
    15 | D        | Reached XP level 2. HP: 14/16 MP: 3/3
    15 | D        | Reached XP level 3. HP: 16/19 MP: 4/4
    17 | D        | Killed a brain worm
    17 | D        | Reached skill level 5 in Short Blades
    17 | D        | Reached skill level 9 in Stealth
    17 | D        | Reached XP level 4. HP: 19/24 MP: 5/5
    19 | D        | Killed a brain worm
    19 | D        | Reached skill level 10 in Stealth
    19 | D        | Reached XP level 5. HP: 22/28 MP: 6/6
    22 | D        | Killed a brain worm
    22 | D        | Reached skill level 5 in Throwing
    22 | D        | Reached skill level 11 in Stealth
    22 | D        | Reached XP level 6. HP: 25/33 MP: 7/7
   103 | D        | Killed a siren
   103 | D        | Reached skill level 13 in Stealth
   103 | D        | Reached XP level 7. HP: 36/38 MP: 8/8
   116 | D        | Killed a hippogriff
   122 | D        | Killed a hippogriff
   122 | D        | Reached skill level 5 in Fighting
   140 | D        | Killed a necrophage
   140 | D        | Reached skill level 14 in Stealth
   141 | D        | Killed a necrophage
   141 | D        | Reached XP level 8. HP: 43/43 MP: 9/9
   144 | D        | Killed a necrophage
   156 | D        | Killed a necrophage
   156 | D        | Reached skill level 10 in Short Blades
   268 | D        | Noticed Roxanne
   270 | D        | Noticed Menkaure
   271 | D        | Found Waemehil's Book Shoppe.
   272 | D        | Killed Menkaure
   287 | D        | Found Geme's Antique Armour Emporium.
   288 | D        | Found Ryef's Antique Weapon Shoppe.
   288 | D        | Found Eweoff's Magic Scroll Emporium.
   288 | D        | Found Nitysh's Magic Scroll Shoppe.
   288 | D        | Found Tonugheo's Jewellery Shoppe.
   288 | D        | Found Vyfurac's Book Shoppe.
   288 | D        | Found Loshuned's Antique Weapon Emporium.
   288 | D        | Found Liuthiub's Weapon Shoppe.
   288 | D        | Found Tiusap Pinki's Distillery.
   288 | D        | Found Extapnei's Distillery.
   289 | D        | Found Joynan's Food Shoppe.
   289 | D        | Found Imitheuc's Gadget Emporium.
   289 | D        | Noticed a soldier ant
   290 | D        | Found Qiytok's Jewellery Shoppe.
   290 | D        | Found Esoguil's Antique Armour Emporium.
   290 | D        | Noticed a soldier ant
   291 | D        | Noticed a soldier ant
   291 | D        | Noticed an oklob plant
   292 | D        | Found Qysorept's Book Shoppe.
   303 | D        | Noticed a vampire mosquito
   396 | D        | Bought the ring "Domubod" {+Fly Int+5} for 490 gold pieces
   404 | D        | Bought a +2 ring of evasion for 130 gold pieces
   404 | D        | Bought a cursed amulet of clarity for 221 gold pieces
   409 | D        | Bought a scroll of remove curse for 39 gold pieces
   409 | D        | Bought a scroll of identify for 26 gold pieces
   432 | D        | Noticed an electric eel
   434 | D        | Noticed an electric eel
   438 | D        | Noticed an electric eel
   438 | D        | Noticed an electric eel
   438 | D        | Noticed an electric eel
   439 | D        | Noticed an electric eel
   439 | D        | Noticed an electric eel
   439 | D        | Noticed an electric eel
   440 | D        | Noticed a kraken
   440 | D        | Noticed an electric eel
   511 | D        | Killed a vampire mosquito
   511 | D        | Reached skill level 15 in Stealth
   511 | D        | Reached skill level 1 in Evocations
   870 | D        | Found a glowing golden altar of the Shining One.
   871 | D        | Found a viscous altar of Jiyva.
   871 | D        | Found a snail-covered altar of Cheibriados.
   871 | D        | Found a stormy altar of Qazlal.
   872 | D        | Found a radiant altar of Vehumet.
   872 | D        | Found an opulent altar of Gozag.
   872 | D        | Found a glowing silver altar of Zin.
   873 | D        | Found an ancient bone altar of Kikubaaqudgha.
   873 | D        | Found a corrupted altar of Lugonu.
   873 | D        | Found a deep blue altar of Sif Muna.
   874 | D        | Found a shadowy altar of Dithmenos.
   874 | D        | Found a white marble altar of Elyvilon.
   874 | D        | Found a bloodstained altar of Trog.
   875 | D        | Found a blossoming altar of Fedhas.
   875 | D        | Found a shimmering altar of Xom.
   878 | D        | Noticed a spiny frog
   879 | D        | Noticed a spiny frog
   880 | D        | Killed a spiny frog
   882 | D        | Killed a spiny frog
   897 | D        | Noticed an iron elemental
   899 | D        | Killed an iron elemental
   899 | D        | Reached skill level 16 in Stealth
   899 | D        | Reached XP level 9. HP: 47/49 MP: 11/13
   915 | D        | Found a sacrificial altar of Ru.
   916 | D        | Noticed a yaktaur
   916 | D        | Noticed a wasp
   916 | D        | Noticed a polar bear
   917 | D        | Noticed a polar bear
   917 | D        | Noticed a polar bear
   936 | D        | Killed a polar bear
   936 | D        | Reached skill level 5 in Evocations
   943 | D        | Killed a polar bear
   988 | D        | Slain by a polar bear

Vault maps used:
D:        the_violet_keep_of_menkaure

Action                   |  1- 3 |  4- 6 |  7- 9 || total
-------------------------+-------+-------+-------++-------
Melee: Dagger            |     2 |     3 |   105 ||   110
 Fire: Blowgun           |       |       |     9 ||     9
  Use: Potion            |       |       |     4 ||     4
       Scroll            |       |       |     2 ||     2
 Stab: Sleeping          |     2 |     3 |     9 ||    14
       Fleeing           |       |       |     2 ||     2
